 Dungeon Crawl Stone Soup version 0.29-a0-925-g0a7a3d12f8 (webtiles) character file.

Game seed: 18090902638648914361

13075 kae the Destroyer (level 12, -10/72 HPs)
             Began as a Tengu Fire Elementalist on July 29, 2022.
             Was an Elder of Vehumet.
             Mangled by a cane toad (21 damage)
             ... on level 1 of the Lair of Beasts.
             The game lasted 00:16:57 (14337 turns).

kae the Destroyer (Tengu Fire Elementalist)        Turns: 14337, Time: 00:16:57

Health: -10/72     AC:  8    Str:  9    XL:     12   Next: 2%
Magic:  12/23      EV: 14    Int: 20    God:    Vehumet [****..]
Gold:   469        SH:  0    Dex: 15    Spells: 6/25 levels left

rFire   . . .      SeeInvis .   x - +4 whip (venom)
rCold   . . .      Faith    .   (no shield)
rNeg    . . .      Spirit   .   a - +0 robe
rPois   .          Reflect  .   (helmet restricted)
rElec   .          Harm     .   (no cloak)
rCorr   .          Rampage  .   w - +1 pair of gloves
Will    +....                   (boots unavailable)
Stlth   ++........              g - amulet of regeneration
HPRegen 1.02/turn               t - ring of willpower
MPRegen 0.18/turn               O - +4 ring of protection

@: lethally poisoned (-10 -> -17), flying quickly and evasively, studying
Dodging, quick
A: beak, talons 3, nimble flight
a: Renounce Religion


You were on level 1 of the Lair of Beasts.
You worshipped Vehumet.
Vehumet was greatly pleased with you.
You visited 3 branches of the dungeon, and saw 12 of its levels.
You also visited: Ice Cave.

You collected 469 gold pieces.


Innate Abilities, Weirdness & Mutations

You have a beak for a mouth.
You have claws for feet.
Your magical nature lets you fly swiftly and evasively.


   Skills:
 + Level 7.5 Fighting
 - Level 2.1 Dodging
 - Level 2.0 Stealth
 + Level 7.3 Spellcasting
 * Level 14.2 Conjurations
 * Level 12.5 Fire Magic


You had 6 spell levels left.
You knew the following spells:

 Your Spells              Type           Power      Damage    Failure   Level
a - Foxfire               Conj/Fire      100%       2x1d9     1%          1
b - Scorch                Fire           100%       2d10      1%          2
c - Conjure Flame         Conj/Fire      57%        6-21      1%          3
d - Inner Flame           Hex/Fire       32%        N/A       1%          3
e - Flame Wave            Conj/Fire      57%        2d14      1%          4
f - Searing Ray           Conj           100%       2d8       1%          2
g - Sticky Flame          Conj/Fire      57%        2d7       1%          4

Your spell library contained the following spells:

 Spells                   Type           Power      Damage    Failure   Level
 Olgreb's Toxic Radiance  Pois           7%         N/A       24%         4
 Magic Dart               Conj           100%       1d8       1%          1
 Fulminant Prism          Conj/Hex       17%        3d11      1%          4
 Hailstorm                Conj/Ice       35%        3d9       1%          4
 Freeze                   Ice            28%        1d5       2%          1
 Irradiate                Conj/Tmut      17%        3d17      4%          5
 Frozen Ramparts          Ice            14%        1d3       8%          3
 Sublimation of Blood     Necr           7%         N/A       14%         2
 Petrify                  Tmut/Erth      7%         N/A       67%         4

Inventory:

Hand Weapons
 x - a +4 whip of venom (weapon)
   (You took it off a gnoll on level 5 of the Dungeon)
Missiles
 b - 11 boomerangs
 f - 54 stones
 j - 3 throwing nets {=f!f}
 o - 6 javelins
 u - 8 poisoned darts
Armour
 a - a +0 robe (worn)
 w - a +1 pair of gloves (worn)
   (You found it on level 3 of the Dungeon)
Jewellery
 g - an amulet of regeneration (around neck)
   (You found it on level 2 of the Dungeon)
 t - a ring of willpower (left hand)
   (You found it on level 4 of the Dungeon)
 F - a ring of fire
   (You found it on level 1 of the Dungeon)
 I - a +6 ring of intelligence
   (You took it off an orc on level 4 of the Dungeon)
 O - a +4 ring of protection (right hand)
   (You found it on level 2 of the Dungeon)
 R - a ring of resist corrosion
   (You found it on level 10 of the Dungeon)
Wands
 p - a wand of iceblast (14)
   (You took it off an orc wizard on level 8 of the Dungeon)
 C - a wand of mindburst (29)
   (You found it on level 6 of the Dungeon)
 H - a wand of paralysis (11)
   (You found it on level 7 of the Dungeon)
 N - a wand of polymorph (10)
   (You found it on level 9 of the Dungeon)
Scrolls
 c - 8 scrolls of teleportation {@r4}
 l - 2 scrolls of fear
 n - 2 scrolls of fog
 q - a scroll of vulnerability {!r!r}
 v - 3 scrolls of amnesia
 y - a scroll of immolation {!r!r}
 D - 2 scrolls of poison {!r}
 K - a scroll of enchant weapon
 M - 4 scrolls of identify {@r1}
Potions
 d - 7 potions of heal wounds {@q2}
 e - 2 potions of attraction {!q}
 h - 8 potions of curing {@q1}
 i - a potion of berserk rage {!q}
 k - a potion of brilliance
 r - 4 potions of flight
 s - 3 potions of resistance
 z - a potion of might
 A - 2 potions of haste {@q3}
 B - 3 potions of cancellation
 G - a potion of lignification {!q}
 J - a potion of degeneration {!q}
Miscellaneous
 m - a box of beasts
   (You found it on level 1 of the Lair of Beasts)
 L - a lightning rod (4/4)
   (You found it on level 9 of the Dungeon)

Dungeon Overview and Level Annotations

Branches:
Dungeon (10/15) Zot: 25390  Temple (1/1) D:5 Zot: 5806    Lair (1/5) D:8 Zot: 5011
  IceCv (visited)
    Orc: D:9-12

Altars:
Ashenzari
Cheibriados
Dithmenos
Elyvilon
Fedhas
Gozag
Hepliaklqana
Kikubaaqudgha
Makhleb
Nemelex Xobeh
Okawaru
Qazlal
Ru
Sif Muna
Trog
Uskayaw
Vehumet
Wu Jian
Xom
Yredelemnul
Zin
The Shining One

Shops:
D:10 :

Portals:
Trove: D:10 (give 6 scrolls of blinking)

Annotations:
D:4 2 transporters, funkygono's ghost, novice DrFE
D:9 exclusions: ice statue and orange crystal statue

#..# #. #.## .. #.#####
##+.##### ###+.##.###
........####.........###
........##.'.........+..
........##.#...........#
........##.#............
......F@#..#..........##
........'............###
........######.+###### #
####.#+#. #..# #.. #
##..# #.. #..## ##. #..#
##.+###### ####+########
#........###.#.........#


You could see a cane toad (combustible).


Message History

Found a stone staircase leading down. 😎 MP[+6]
Your mp is fully restored (23).
You now have 433 gold pieces (gained 13).
You now have 448 gold pieces (gained 15).
m - a box of beasts You now have 469 gold pieces (gained 21).
You reach down and open the door.
There is an open door here.
You reach down and open the door.
A cane toad comes into view.
There is an open door here.
A cane toad is nearby!
A cane toad is nearby!
A cane toad is nearby!
Casting: Foxfire (safe; 1% risk of failure)
Confirm with . or Enter, or press ? or * to list all spells.
You conjure some foxfire!
The foxfire hits the cane toad.
The cane toad croaks.
The foxfire hits the cane toad. 😎 MP[-1]
You lost 1 mp, and now have 22/23 mp.
Casting: Foxfire (safe; 1% risk of failure)
Confirm with . or Enter, or press ? or * to list all spells.
You conjure some foxfire!
The foxfire hits the cane toad.
The foxfire hits the cane toad but does no damage. 😎 MP[-1]
You lost 1 mp, and now have 21/23 mp.
Casting: Foxfire (safe; 1% risk of failure)
Confirm with . or Enter, or press ? or * to list all spells.
You conjure some foxfire!
The foxfire hits the cane toad. x2
A cane toad is nearby!
Casting: Foxfire (safe; 1% risk of failure)
Confirm with . or Enter, or press ? or * to list all spells.
You conjure some foxfire!
The cane toad barely misses you.
The foxfire hits the cane toad.
The foxfire hits the cane toad but does no damage.
The cane toad stings you!! 😮 HP[-20] MP[-1]
You take 20 damage, and now have 52/72 hp.
MASSIVE DAMAGE!! (PAUSE)
You lost 1 mp, and now have 20/23 mp.
Casting: Foxfire (safe; 1% risk of failure)
Confirm with . or Enter, or press ? or * to list all spells.
Flames lash the cane toad.
The cane toad's fire resistance burns away.
The cane toad stings you. The cane toad closely misses you.
The cane toad closely misses you. 😮 HP[-2] MP[-2]
You take 2 damage, and now have 50/72 hp.
You lost 2 mp, and now have 18/23 mp.
Casting: Scorch (safe; 1% risk of failure)
Confirm with . or Enter, or press ? or * to list all spells.
Flames lash the cane toad.
The cane toad is burned terribly!
The cane toad stings you!
* * * LOW HITPOINT WARNING * * *
You are poisoned.
The cane toad poisons you!
You feel very sick.
The cane toad closely misses you. 😨 HP[-20] MP[-1]
You take 20 damage, and now have 30/72 hp.
MASSIVE DAMAGE!! (PAUSE)
You lost 1 mp, and now have 17/23 mp.
Casting: Scorch (safe; 1% risk of failure)
Confirm with . or Enter, or press ? or * to list all spells.
Flames lash the cane toad but do no damage.
You feel very sick. The cane toad misses you.
You feel very sick. The cane toad stings you.
* * * LOW HITPOINT WARNING * * *
The cane toad stings you but does no damage. 😨 HP[-7] MP[-2]
You take 7 damage, and now have 23/72 hp.
You lost 2 mp, and now have 15/23 mp.
Casting: Scorch (safe; 1% risk of failure)
Confirm with . or Enter, or press ? or * to list all spells.
Flames lash the cane toad.
The cane toad is burned terribly!
You feel very sick.
The cane toad stings you but does no damage.
You feel sick.
The cane toad barely misses you. 😨 HP[-3] MP[-2]
You take 3 damage, and now have 20/72 hp.
You lost 2 mp, and now have 13/23 mp.
A cane toad is nearby!
Casting: Scorch (safe; 1% risk of failure)
Confirm with . or Enter, or press ? or * to list all spells.
Flames lash the cane toad.
The cane toad is burned terribly!
You feel sick. The cane toad stings you.
* * * LOW HITPOINT WARNING * * *
You are more poisoned.
The cane toad poisons you!
* * * LOW HITPOINT WARNING * * *
You feel very sick. The cane toad stings you!!
You die...

Skill      XL: |  1  2  3  4  5  6  7  8  9 10 11 |
---------------+----------------------------------+-----
Conjurations   | 2 3 4 5 6 8 10 12 14 | 14.2
Fire Magic     | 4 5 6 7 9 11 12 | 12.5
Fighting       | 1 2 3 5 6 7 |  7.5
Spellcasting   | 3 4 5 6 7 |  7.3
Dodging        | |  2.1
Stealth        | |  2.0

Action                   |  1- 3 |  4- 6 |  7- 9 | 10-12 || total
-------------------------+-------+-------+-------+-------++-------
Melee: Whip              |       |       |    18 |    17 ||    35
       Kick              |       |       |     7 |    11 ||    18
       Peck              |       |       |     4 |     3 ||     7
 Cast: Foxfire           |    52 |    87 |   218 |   234 ||   591
       Scorch            |     6 |    11 |    28 |    69 ||   114
       Conjure Flame     |       |     5 |     6 |    27 ||    38
       Inner Flame       |       |       |     5 |    13 ||    18
       Flame Wave        |       |       |       |    10 ||    10
       Sticky Flame      |       |       |       |     1 ||     1
Evoke: Wand              |       |       |       |     5 ||     5
  Use: Scroll            |     2 |     1 |    20 |     3 ||    26
       Potion            |       |     1 |       |       ||     1
Armor: Robe              |       |     3 |    65 |    39 ||   107
Dodge: Dodged            |    15 |    11 |   139 |   118 ||   283

Levels and vault maps discovered:
D:1:      dpeg_arrival_fog, layout_basic, ebering_ecumenical_altar_ruins,
          minmay_hexomino_u4
D:2:      layout_loops_ring
D:3:      layout_rooms, ebering_dispersal_statue_hall
D:4:      layout_basic, gammafunk_ghost_arena, dk_vineyard_3, uniq_grinder
D:5:      layout_gridville, mainiacjoe_overflow_boulevard,
          minmay_temple_entry_antechambers, minmay_misc_feat_plants
D:6:      layout_basic, mainiacjoe_overflow_catwalk_spiral,
          lemuel_crystal_altar, kennysheep_mini, serial_undead, serial_undead_d,
          serial_undead_d, serial_undead_a, serial_undead_a, serial_undead_a,
          serial_undead_d, serial_undead_a, kennysheep_cross_bottleneck
D:7:      layout_cave_pods, pdpol_wu_jian_five_deadly_venoms,
          nemelex_spade_bored_becter, kennysheep_cluttered_room,
          solitary_fountain, st_stairs_12
D:8:      layout_basic, lair_entry_dummy
D:9:      minmay_separated_statues, layout_loops_corners,
          nicolae_straight_to_the_point, uniq_maurice
D:10:     layout_basic, okawaru_trees_2, mainiacjoe_overflow_surrounded_room,
          zin_scriptorium, enter_trove_5, serial_shops, shop
Temple:   nicolae_temple_slightly_damp_pantheon
Lair:1:   layout_roguey, portal_ice_cave_demonic_guard

Notes
Turn   | Place    | Note
-------+----------+-------------------------------------------
     0 | D:1      | kae the Tengu Fire Elementalist began the quest for the
                  | Orb.
     0 | D:1      | Reached XP level 1. HP: 10/10 MP: 4/4
     0 | D:1      | magus.rc [v1.11.3]
   651 | D:1      | Reached skill level 2 in Conjurations
   651 | D:1      | Reached XP level 2. HP: 15/15 MP: 4/6
   679 | D:1      | Learned a level 2 spell: Scorch
   860 | D:1      | Found a faded altar of an unknown god.
  1351 | D:2      | Reached XP level 3. HP: 14/19 MP: 2/7
  1501 | D:2      | Learned a level 3 spell: Conjure Flame
  1717 | D:2      | Reached skill level 4 in Fire Magic
  1802 | D:2      | Reached skill level 3 in Conjurations
  1887 | D:2      | Reached XP level 4. HP: 24/24 MP: 3/8
  2565 | D:3      | You fall into a shaft and drop 1 floor!
  3355 | D:4      | Noticed a gnoll sergeant
  3375 | D:4      | Killed a gnoll sergeant
  3376 | D:4      | Reached skill level 4 in Conjurations
  3376 | D:4      | Gained mutation: Your magical nature lets you fly swiftly
                  | and evasively. [Tengu growth]
  3376 | D:4      | Reached XP level 5. HP: 28/28 MP: 7/10
  3380 | D:4      | Reached skill level 1 in Fighting
  3388 | D:4      | Reached skill level 5 in Fire Magic
  3490 | D:4      | Noticed an ice beast
  3526 | D:4      | Noticed an ogre
  3530 | D:4      | Killed an ice beast
  3531 | D:4      | Reached skill level 3 in Spellcasting
  3531 | D:4      | Reached XP level 6. HP: 10/34 MP: 1/11
  3763 | D:4      | Reached skill level 5 in Conjurations
  3843 | D:4      | Noticed Grinder
  3878 | D:3      | Learned a level 3 spell: Inner Flame
  4006 | D:4      | Reached skill level 2 in Fighting
  4006 | D:4      | Reached XP level 7. HP: 40/40 MP: 7/12
  4042 | D:4      | Killed Grinder
  4043 | D:4      | Reached skill level 6 in Conjurations
  4043 | D:4      | Reached skill level 6 in Fire Magic
  4159 | D:4      | Found a transporter.
  4159 | D:4      | Noticed funkygono's ghost (novice DrFE)
  4163 | D:4      | Found a transporter.
  4338 | D:5      | Entered Level 5 of the Dungeon
  4482 | D:5      | Reached XP level 8. HP: 45/45 MP: 8/14
  4658 | D:5      | Reached skill level 3 in Fighting
  4694 | D:5      | Found a staircase to the Ecumenical Temple.
  4703 | Temple   | Entered the Ecumenical Temple
  4907 | Temple   | Became a worshipper of Vehumet
  4966 | D:5      | Reached skill level 7 in Conjurations
  5163 | D:5      | Found a shadowy altar of Dithmenos.
  5207 | D:5      | Reached skill level 4 in Spellcasting
  5207 | D:5      | Reached skill level 7 in Fire Magic
  5768 | D:6      | Reached skill level 8 in Conjurations
  6085 | D:6      | Found a broken altar of Ashenzari.
  6150 | D:6      | Found an ancient bone altar of Kikubaaqudgha.
  6288 | D:6      | Reached XP level 9. HP: 41/52 MP: 2/16
  6397 | D:6      | Reached * piety under Vehumet
  6397 | D:6      | Offered knowledge of Magic Dart by Vehumet.
  6407 | D:6      | Reached skill level 4 in Fighting
  6407 | D:6      | Reached skill level 8 in Fire Magic
  6583 | D:6      | Found a shimmering altar of Xom.
  6767 | D:6      | Reached skill level 9 in Conjurations
  6963 | D:6      | Reached skill level 5 in Spellcasting
  7126 | D:6      | Found a bloodstained altar of Trog.
  7151 | D:6      | You pick up a book of Frost and begin reading...
  7151 | D:6      | You add the spells Freeze, Frozen Ramparts and Hailstorm to
                  | your library.
  7673 | D:7      | Learned a level 4 spell: Flame Wave
  7689 | D:7      | Reached skill level 9 in Fire Magic
  7729 | D:7      | Reached skill level 10 in Conjurations
  7853 | D:7      | Identified the +2 pair of boots of the Nexus {rF- rC+
                  | Stlth+}
  7930 | D:7      | Found a sparkling altar of Nemelex Xobeh.
  8356 | D:7      | Found an ornate altar of the Wu Jian Council.
  8436 | D:7      | Reached skill level 5 in Fighting
  8775 | D:8      | Offered knowledge of Searing Ray by Vehumet.
  8803 | D:8      | Reached XP level 10. HP: 59/59 MP: 15/19
  8806 | D:8      | Learned a level 2 spell: Searing Ray
  8810 | D:8      | Found a staircase to the Lair.
  8897 | D:8      | Reached ** piety under Vehumet
  9000 | D:8      | Reached skill level 11 in Conjurations
  9474 | D:8      | Reached skill level 10 in Fire Magic
 10083 | D:9      | Noticed Maurice
 10098 | D:9      | Killed Maurice
 10386 | D:9      | Reached skill level 6 in Spellcasting
 10449 | D:9      | Reached skill level 6 in Fighting
 10454 | D:9      | Offered knowledge of Stone Arrow by Vehumet.
 10549 | D:9      | Reached skill level 12 in Conjurations
 10652 | D:9      | Reached *** piety under Vehumet
 10703 | D:9      | Noticed an ice statue
 10837 | D:9      | HP: 15/60 [ice statue/shard of ice (45)]
 11160 | D:9      | Reached skill level 11 in Fire Magic
 11160 | D:9      | Reached XP level 11. HP: 22/65 MP: 9/21
 11213 | D:9      | You pick up a book of Alchemy and begin reading...
 11213 | D:9      | You add the spells Sublimation of Blood, Petrify and
                  | Irradiate to your library.
 11453 | D:9      | Noticed an orange crystal statue
 11544 | D:10     | Entered Level 10 of the Dungeon
 11888 | D:10     | Found an iron altar of Okawaru.
 11902 | D:10     | Offered knowledge of Sticky Flame by Vehumet.
 11945 | D:10     | Learned a level 4 spell: Sticky Flame
 11945 | D:10     | Found Giec's Book Shop.
 12026 | D:10     | Found a stormy altar of Qazlal.
 12028 | D:10     | Noticed a two-headed ogre
 12044 | D:10     | Killed a two-headed ogre
 12227 | D:10     | Noticed a vault guard
 12241 | D:10     | Killed a vault guard
 12242 | D:10     | Reached skill level 13 in Conjurations
 12312 | D:10     | Found a portal to a secret trove of treasure.
 12375 | D:10     | You pick up a book of Conjurations and begin reading...
 12375 | D:10     | You add the spells Magic Dart and Fulminant Prism to your
                  | library.
 12561 | D:10     | HP: 14/66 [orc warrior/+0 halberd (10)]
 12750 | D:10     | Noticed a two-headed ogre
 12839 | D:10     | Killed a two-headed ogre
 12840 | D:10     | Reached skill level 7 in Fighting
 12903 | D:10     | Found a glowing silver altar of Zin.
 13107 | D:10     | This trove needs 6 scrolls of blinking to function. Give it
                  | the items?
 13247 | Lair:1   | Entered Level 1 of the Lair of Beasts
 13388 | Lair:1   | Reached skill level 7 in Spellcasting
 13388 | Lair:1   | Reached skill level 12 in Fire Magic
 13623 | Lair:1   | Found a frozen archway.
 13638 | Lair:1   | HP: 9/67 [ice devil (31)]
 13771 | IceCv    | Entered an ice cave
 13830 | IceCv    | Reached **** piety under Vehumet
 14067 | Lair:1   | Reached skill level 14 in Conjurations
 14077 | Lair:1   | Offered knowledge of Olgreb's Toxic Radiance by Vehumet.
 14176 | Lair:1   | Reached XP level 12. HP: 72/72 MP: 11/23
 14336 | Lair:1   | HP: 15/72 [cane toad (5)]
 14337 | Lair:1   | Mangled by a cane toad

Vanquished Creatures
  A vault guard (D:10)
  2 two-headed ogres (D:10)
  Maurice (D:9)
  2 cane toads (Lair:1)
  3 ice devils
  A komodo dragon (Lair:1)
  A troll (D:10)
  Grinder (D:4)
  3 blink frogs (Lair:1)
  13 yaks
  A wyvern (D:9)
  A basilisk (Lair:1)
  3 water moccasins
  2 ice beasts
  2 black bears (D:5)
  6 orc warriors
  4 sky beasts
  3 ogres
  A centaur (D:9)
  4 phantoms (D:6)
  4 bullfrogs
  2 gnoll sergeants
  A water moccasin zombie (D:6)
  A wyvern skeleton (D:6)
  14 wights
  A water moccasin skeleton (D:6)
  29 killer bees
  5 howler monkeys (D:8)
  5 bullfrog zombies (D:6)
  9 orc priests
  A bullfrog skeleton (D:6)
  4 centaur zombies (D:6)
  A gnoll bouda (D:8)
  4 hounds
  A centaur skeleton (D:6)
  4 orc wizards
  An iguana (D:5)
  2 spriggan simulacra (IceCv)
  A troll simulacrum (IceCv)
  2 howler monkey zombies (D:6)
  17 gnolls
  6 adders
  A shadow imp (D:5)
  2 white imps
  2 ufetubi
  A worm (D:3)
  6 dart slugs
  34 orcs
  4 ball pythons
  5 endoplasms
  4 giant cockroaches
  6 hobgoblins
  4 kobolds
  2 quokkas
  4 bats
  2 frilled lizards
  9 goblins
  4 rats
260 creatures vanquished.

Vanquished Creatures (collateral kills)
  A foxfire (Lair:1)
1 creature vanquished.

Vanquished Creatures (others)
  1010 foxfires
  4 fungi (Lair:1)
  3 plants (Lair:1)
1017 creatures vanquished.

Grand Total: 1278 creatures vanquished

Table legend:
 A = Non-vault XP
 B = Vault XP
 C = Vault XP percentage of total XP
 D = Non-vault monster count
 E = Vault monster count
 F = Vault count percentage of total count
                 A         B        C        D         E       F
            +---------+---------+-------+---------+---------+-------
      Total |   14596 |    4083 |  21.9 |     228 |      32 |  12.3
            +---------+---------+-------+---------+---------+-------
        D:1 |      18 |       4 |  18.2 |       9 |       2 |  18.2
        D:2 |      65 |       0 |   0.0 |      17 |       0 |   0.0
        D:3 |      38 |       0 |   0.0 |      18 |       0 |   0.0
        D:4 |     551 |     277 |  33.5 |      27 |       1 |   3.6
        D:5 |     840 |       0 |   0.0 |      20 |       0 |   0.0
        D:6 |     446 |    1159 |  72.2 |       7 |      20 |  74.1
        D:7 |     996 |     122 |  10.9 |      16 |       1 |   5.9
        D:8 |    1628 |       0 |   0.0 |      31 |       0 |   0.0
        D:9 |    3014 |     472 |  13.5 |      37 |       1 |   2.6
       D:10 |    3574 |     887 |  19.9 |      32 |       1 |   3.0
     Lair:1 |    3426 |     718 |  17.3 |      14 |       2 |  12.5
      IceCv |       0 |     444 | 100.0 |       0 |       4 | 100.0
            +---------+---------+-------+---------+---------+-------

Illustrated notes

Table legend:
 A = Kills in this place as a percentage of kills in entire the game.
 B = Kills by you in this place as a percentage of kills by you in the entire game.
 C = Kills by friends in this place as a percentage of kills by friends in the entire game.
 D = Other kills in this place as a percentage of other kills in the entire game.
 E = Experience gained in this place as a percentage of experience gained in the entire game.
 F = Experience gained in this place divided by the number of levels of this place that you have seen.
                   A       B       C       D       E      F
               +-------+-------+-------+-------+-------+----------------------
         Total | 100.0 | 100.0 |   N/A |   N/A | 100.0 | 1436.8
       Dungeon |  92.3 |  92.3 |   N/A |   N/A |  75.4 | 1409.1
          Lair |   6.2 |   6.2 |   N/A |   N/A |  22.2 | 4144.0
      Ice Cave |   1.5 |   1.5 |   N/A |   N/A |   2.4 | 444.0
               +-------+-------+-------+-------+-------+----------------------

Table legend: (Time is in decaauts)
 A = Elapsed time spent in this place.
 B = Non-inter-level travel time spent in this place.
 C = Inter-level travel time spent in this place.
 D = Time resting spent in this place.
 E = Time spent auto-exploring this place.
 F = Levels seen in this place.
 G = Mean time per level.
                   A        B        C        D        E       F      G
               +--------+--------+--------+--------+--------+-----+--------+
         Total |  13743 |  13040 |    703 |    703 |   9972 |  13 | 1057.2 |
       Dungeon |  12499 |  11821 |    678 |    583 |   9192 |  10 | 1249.9 |
        Temple |    193 |    168 |     25 |      0 |    156 |   1 |  193.0 |
          Lair |    987 |    987 |      0 |    101 |    612 |   1 |  987.0 |
      Ice Cave |     63 |     63 |      0 |     19 |     10 |   1 |   63.0 |
               +--------+--------+--------+--------+--------+-----+--------+

Top non-repeatable levels by time:
     D:6: 1599 daAuts
     D:9: 1579 daAuts
    D:10: 1520 daAuts
     D:2: 1296 daAuts
     D:7: 1267 daAuts
     D:8: 1196 daAuts
     D:1: 1122 daAuts
     D:5: 1036 daAuts
  Lair:1: 987 daAuts
     D:3: 951 daAuts
     D:4: 930 daAuts
  Temple: 193 daAuts
   IceCv: 63 daAuts
